Unix NetHack Version 5.0.0-0 post-release - last build May 23 2026 06:08:33 (1c0ff79ee797540d5714e4e18072db0edd9e58ae,branch:main).

Game began 2026-05-23 14:45:05, ended 2026-05-23 15:00:38.

DaveT, lawful male human Priest

         -----------
         |......{..|
         |.........|
         |.........+#
         |.........|#
         --------.--#
            ######  #
       ######       #
       #            #
      -.-----       #
      |......##     #
      |.....|       #
      |.....-########`##-------------
      |.....|       ####-........<.d.
      -------          #|.........@a|
                       #.............
                        -------------

DaveT the Adept              St:11 Dx:11 Co:16 In:12 Wi:18 Ch:10  Lawful
Dlvl:7  $:682 HP:0(49) Pw:78(78) AC:-1 Xp:6 T:2772  Burdened

Latest messages:
 The door opens.
 KABOOM!!  The door was booby-trapped!
 You stagger...
 The giant ant bites!
 You miss the giant ant.
 The giant ant misses!
 You miss the giant ant.
 The dingo bites!
 The giant ant misses!
 The giant ant bites!
 You feel a bit steadier now.
 You hit the giant ant.
 The dingo bites!
 The giant ant bites!
 The dingo misses!
 The giant ant bites!
 You miss the giant ant.
 The dingo bites!
 The giant ant bites!
 The dingo bites!
 The giant ant misses!
 You hit the giant ant!
 The dingo bites!
 The giant ant bites!
 You hit the dingo!
 The dingo misses!
 The giant ant bites!
 The dingo misses!
 The giant ant bites!
 The dingo bites!
 The giant ant bites!
 The giant ant bites!
 You hit the dingo!
 The dingo bites!
 The giant ant bites!
 You miss the dingo.
 The dingo misses!
 The giant ant misses!
 You miss the dingo.
 The dingo bites!
 The giant ant bites!
 The dingo misses!
 The giant ant bites!
 The dingo bites!
 The giant ant misses!
 The dingo bites!
 You die...
 Do you want your possessions identified? [ynq] (y) y
 Do you want to see your attributes? [ynq] (y) y
 Do you want an account of creatures vanquished? [ynaq] (y) q

Inventory:
 Coins    ('$')
  $ - 682 gold pieces
 Amulets  ('"')
  P - an amulet of flying
 Weapons  (')')
  k - 9 blessed +1 arrows
  g - a +0 boomerang
  d - 6 +0 darts
  X - 10 +0 shuriken
  s - a +0 orcish dagger
  l - a cursed +0 dwarvish mattock
  a - a blessed corroded +1 mace (weapon in right hand)
 Armor    ('[')
  c - a +0 small shield (being worn)
  b - a +0 robe (being worn)
  h - a blessed +1 plate mail (being worn)
 Comestibles  ('%')
  e - a clove of garlic
  j - 2 food rations
  f - a sprig of wolfsbane
 Potions  ('!')
  W - a potion of gain ability
 Wands    ('/')
  r - a wand of digging (0:3)
  p - a wand of striking (0:6)
 Tools    ('(')
  z - a blessed bag of holding containing 7 items
  Z - a bag of tricks (0:16)

Contents of the bag of holding:
  a scroll of earth
  a scroll of enchant armor
  a spellbook of healing
  a spellbook of protection
  a potion of restore ability
  2 potions of holy water
  a potion of water

DaveT the Priest's attributes:

Background:
 You were an Adept, a level 6 human Priest.
 You were lawful, on a mission for Athena
 who was opposed by Hermes (neutral) and Poseidon (chaotic).
 You were right-handed.
 You were in the Dungeons of Doom, on level 7.
 You entered the dungeon 2772 turns ago.
 You had 428 experience points, 212 more were needed to attain level 7.

Basics:
 You had 0 out of 49 hit points.
 You had all 78 energy points (spell power).
 Your armor class was -1.
 Your wallet contained 682 zorkmids.
 Autopickup was off.

Final Characteristics:
 Your strength was 11 (limit:18/100).
 Your dexterity was 11 (limit:18).
 Your constitution was 16 (limit:18).
 Your intelligence was 12 (limit:18).
 Your wisdom was 18 (limit:18).
 Your charisma was 10 (limit:18).

Final Status:
 You weren't hungry.
 You were burdened; movement was slightly slowed.
 You were wielding a mace.
 You had basic skill with mace and could have enhanced that.

Final Attributes:
 You were piously aligned.
 You were guarded.
 Your spell casting was impaired by metallic armor, mitigated by your robe.
 You are dead.

Miscellaneous:
 You didn't encounter any bones levels.
 Total elapsed playing time was 15 minutes and 33 seconds.

Major events:
 Turn
    1: DaveT the lawful human Priest entered the dungeon
 1125: attained the rank of Acolyte (level 3)
 1618: entered the Gnomish Mines
 1962: found Trollsbane in a shop
 1973: attained the rank of Adept (level 6)
 2772: killed by a dingo

Spells:
 Name                 Level Category     Fail Retention
 healing                1   healing       13%  76%-100%
 protection             1   clerical      31%   81%-90%

Skills:
 Fighting Skills
   bare handed combat [Unskilled]
 Weapon Skills
   club               [Unskilled]
   mace               [Basic]
   morning star       [Unskilled]
   flail              [Unskilled]
   hammer             [Unskilled]
   quarterstaff       [Unskilled]
   polearms           [Unskilled]
   spear              [Unskilled]
   trident            [Unskilled]
   lance              [Unskilled]
   bow                [Unskilled]
   sling              [Unskilled]
   crossbow           [Unskilled]
   dart               [Unskilled]
   shuriken           [Unskilled]
   boomerang          [Unskilled]
   unicorn horn       [Unskilled]
 Spellcasting Skills
   healing spells     [Unskilled]
   divination spells  [Unskilled]
   clerical spells    [Basic]

Voluntary challenges:
 Character rerolling was not enabled.
 You never genocided any monsters.
 You never polymorphed an object.
 You never changed form.
 You used no wishes.
Achievements:
 You entered a shop.
 You attained the rank of Acolyte.
 You entered the Gnomish Mines.
 You attained the rank of Adept.

 The Dungeons of Doom: levels 1 to 7
    Level 1:
       A sink.
    Level 2:
       An altar to Athena, many fountains.
    Level 3:
       A general store.
    Level 4:
       A weapon shop.
       Stairs down to The Gnomish Mines.
    Level 5:
       Some fountains.
    Level 6:
    Level 7: <- You were here.
       A fountain.
       Final resting place for
          you, killed by a dingo.
 The Gnomish Mines:
    Level 5:


Vanquished creatures:
  2 large mimics
  4 small mimics
  a dog
  2 ponies
  a floating eye
  a rothe
  a giant bat
  3 iguanas
 an acid blob
  2 manes
  a giant rat
  a gnome
  a gecko
  2 jackals
  a fox
  2 kobolds
  a goblin
  a sewer rat
  2 grid bugs
  a bat
  3 lichens
  a kobold zombie
  3 newts
38 creatures vanquished.

No species were genocided or became extinct.

Game over:
                       ----------
                      /          \
                     /    REST    \
                    /      IN      \
                   /     PEACE      \
                  /                  \
                  |      DaveT       |
                  |      682 Au      |
                  |   killed by a    |
                  |      dingo       |
                  |                  |
                  |                  |
                  |       2026       |
                 *|     *  *  *      | *
        _________)/\\_//(\/(/\)/\//\/|_)_______

Goodbye DaveT the Priest...

You died in The Dungeons of Doom on dungeon level 7 with 2680 points,
and 682 pieces of gold, after 2772 moves.
You were level 6 with a maximum of 49 hit points when you died.

